 Dungeon Crawl Stone Soup version 0.30-a0-986-g7f2e898f52 (webtiles) character file.

Game seed: 2211536283205424955

156361 sugarbear the Sorcerer (level 18, -20/121 HPs)
             Began as a Djinni Conjurer on Apr 1, 2023.
             Was the Champion of Makhleb.
             Shot with an arrow by a deep elf master archer (25 damage)
             ... on level 3 of the Elven Halls.
             The game lasted 01:47:56 (31075 turns).

sugarbear the Sorcerer (Djinni Conjurer)           Turns: 31075, Time: 01:47:56

Health: -20/121    AC:  9    Str: 13    XL:     18   Next: 30%
Gold:   3147       EV: 27    Int: 26    God:    Makhleb [******] SH:  5 Dex: 15

rFire   + + .      SeeInvis +    A - +5 hammer "Kosaokum" {venom, rF- rCorr Stlth+}
rCold   x . .      Faith    .    (no shield)
rNeg    . . .      Spirit   .    a - +3 robe of Clouds {*Thunder rCloud rElec}
rPois   ∞          Reflect  +    G - +0 helmet of the Arena {Will+ Str+3}
rElec   +          Rampage  .    U - +2 cloak "Vaxtotiy" {rElec rF+ Dex+3 SInv}
rCorr   +                        (no gloves)
Will    ++...                    (boots unavailable)
Stlth   ++++                     o - amulet of the Kissing Gods {Reflect Str+2 SH+5}
HPRegen 0.40/turn                c - +5 ring of evasion
MPRegen 0.00/turn                v - +5 ring of evasion

@: about to teleport, flying
A: sickness immunity, fire resistance 2, cold vulnerability 1, float, innate
caster, HP casting, extra vitality 1, robust 1
a: Renounce Religion, Minor Destruction, Lesser Servant of Makhleb, Major
Destruction, Greater Servant of Makhleb


You were on level 3 of the Elven Halls.
You worshipped Makhleb.
Makhleb was exalted by your worship.
You visited 5 branches of the dungeon, and saw 23 of its levels.
You visited 1 bazaar.
You also visited: Gauntlet, Ice Cave and Wizlab.

You collected 4004 gold pieces.
You spent 857 gold pieces at shops.

Inventory:

Hand Weapons
 z - the +6 long sword of Ucliggiu {antimagic, Fragile rElec Str+3}
   (You found it on level 6 of the Dungeon)

   Str:       It affects your strength (+3).
   rElec:     It insulates you from electricity.
   Fragile:   It will be destroyed if unequipped.
 A - the +5 hammer "Kosaokum" (weapon) {venom, rF- rCorr Stlth+}
   (You found it on level 6 of the Dungeon)

   rF:        It makes you vulnerable to fire.
   rCorr:     It protects you from acid and corrosion.
   Stlth:     It makes you more stealthy.
 T - a +8 demon whip
Armour
 a - the +3 robe of Clouds (worn) {*Thunder rCloud rElec}
   (You bought it in a shop on level 6 of the Dungeon)

   *Thunder:  It occasionally creates storm clouds above nearby enemies.
   rCloud:    It grants its wearer immunity to clouds.
   rElec:     It insulates you from electricity.
 y - a +1 robe of resistance
 B - the +1 robe of Resilience {Fly rCorr}
   (You found it on level 7 of the Dungeon)

   Fly:       It grants you flight.
   rCorr:     It protects you from acid and corrosion.
 G - the +0 helmet of the Arena (worn) {Will+ Str+3}
   (You found it in a Gauntlet)

   Str:       It affects your strength (+3).
   Will:      It increases your willpower.
 S - a +0 pair of gloves of infusion
 U - the +2 cloak "Vaxtotiy" (worn) {rElec rF+ Dex+3 SInv}
   (You found it in a wizard's laboratory)

   Dex:       It affects your dexterity (+3).
   rF:        It protects you from fire.
   rElec:     It insulates you from electricity.
   SInv:      It lets you see invisible.
Jewellery
 b - a +6 ring of intelligence
 c - a +5 ring of evasion (left hand)
 o - the amulet of the Kissing Gods (around neck) {Reflect Str+2 SH+5}
   (You found it on level 3 of the Dungeon)

   [amulet of reflection]

   It reflects blocked missile attacks.
   Str:       It affects your strength (+2).
   SH:        It affects your SH (+5).
 u - a ring of protection from fire
 v - a +5 ring of evasion (right hand)
 V - a ring of resist corrosion
 Z - a ring of willpower
Wands
 r - a wand of flame (78)
 w - a wand of acid (9)
 E - a wand of polymorph (11)
 L - a wand of charming (9)
 P - a wand of mindburst (2)
 W - a wand of digging (7)
Scrolls
 g - 10 scrolls of teleportation
 h - 6 scrolls of fear
 k - 5 scrolls of enchant armour
 m - 2 scrolls of poison
 n - 4 scrolls of fog
 x - 17 scrolls of identify
 H - a scroll of magic mapping
 K - a scroll of blinking
Potions
 e - 6 potions of curing
 f - 3 potions of cancellation
 i - 6 potions of might
 p - 7 potions of haste
 F - a potion of ambrosia
Miscellaneous
 D - a box of beasts
 I - a lightning rod (4/4)


   Skills:
 + Level 4.1 Fighting
 + Level 9.7 Dodging
 + Level 6.8 Stealth
 + Level 5.2 Shields
 + Level 21.8 Spellcasting
 + Level 2.6 Evocations


You knew the following spells:

 Your Spells              Type           Power      Damage    Failure   Level
a - Magic Dart            Conj           100%       1d8       0%          1
b - Searing Ray           Conj           100%       2d8       0%          2
c - Dazzling Flash        Conj/Hex       100%       N/A       0%          3
d - Fulminant Prism       Conj/Hex       48%        3d21      0%          4
e - Iskenderun's Mystic   Conj/Tloc      97%        2d19      0%          4
f - Apportation           Tloc           100%       N/A       0%          1
g - Ensorcelled Hibernat  Hex/Ice        100%       N/A       0%          2
h - Blink                 Tloc           100%       N/A       0%          2
i - Swiftness             Air            97%        N/A       0%          3
j - Animate Armour        Summ/Erth      100%       N/A       0%          4
k - Fireball              Conj/Fire      48%        3d19      0%          5
l - Eringya's Noxious Bo  Tmut/Pois      48%        N/A       1%          6
m - Summon Hydra          Summ           48%        N/A       1%          7
Your spell library was empty.

Dungeon Overview and Level Annotations

Branches:
Dungeon (12/15)            Temple (1/1) D:6            Lair (5/5) D:11
 Shoals (0/4) Lair:3        Snake (0/4) Lair:2        Slime (0/5) Lair:4
    Orc (2/2) D:10            Elf (3/3) Orc:2         IceCv (visited)
 WizLab (visited)         Gauntlet (visited)

Altars:
Ashenzari
Cheibriados
Dithmenos
Elyvilon
Fedhas
Gozag
Hepliaklqana
Makhleb
Nemelex Xobeh
Okawaru
Qazlal
Ru
Trog
Uskayaw
Wu Jian
Xom
Yredelemnul
Zin
The Shining One
Jiyva

Shops:
D:6 ?[*[   D:9 *?*   D:10 [   D:11 =*   Orc:2 =!(*   Elf:2 :

Annotations:
Elf:1 6 runed translucent doors


Innate Abilities, Weirdness & Mutations

You are immune to sickness and miasma.
You are immune to poison.
Your flesh is very heat resistant. (rF++)
You are vulnerable to cold. (rC-)
You float through the air rather than walking.
You learn spells naturally, not from books.
Your magical power is your life essence.
You have superior vitality. (+4 MHP)
You are robust. (+10% HP)


Message History

Casting: Fulminant Prism (safe; 0% risk of failure)
Confirm with . or Enter, or press ? or * to list all spells.
Aiming: Fulminant Prism (safe; 0% risk of failure)
Press: ? - help, Dir - move target You conjure a prism of explosive energy!
A fulminant prism comes into view.
Your fulminant prism crackles loudly.
Your fulminant prism explodes!
The blast of energy engulfs the deep elf master archer!!
The deep elf master archer is moderately wounded.
Casting: Fulminant Prism (safe; 0% risk of failure)
Confirm with . or Enter, or press ? or * to list all spells.
Aiming: Fulminant Prism (safe; 0% risk of failure)
Press: ? - help, Dir - move target You conjure a prism of explosive energy!
A fulminant prism comes into view.
The deep elf master archer wields a +2 longbow of flaming.
It bursts into flame!
The deep elf master archer shoots an arrow.
The arrow hits your fulminant prism!! The arrow burns your fulminant prism!
Your fulminant prism detonates feebly.
The deep elf master archer shoots an arrow.
The arrow hits you! The arrow burns you.
The deep elf master archer shoots an arrow.
The arrow closely misses you.
The deep elf master archer shoots an arrow.
You reflect the arrow off an invisible shield around you!
The arrow hits the deep elf master archer!!
The arrow burns the deep elf master archer.
The deep elf master archer shoots an arrow.
The arrow hits you!!
* * * LOW HITPOINT WARNING * * *
The arrow burns you.
* * * LOW HITPOINT WARNING * * *
Okay, then.
As you read the scroll of teleportation, it crumbles to dust.
You feel strangely unstable.
The deep elf master archer shoots an arrow.
The arrow hits you!!
You die...

## #....'............##
.####....'...........##
.)...).###..........##
.')))).####........##
#####....###......## #
###''..# ######'#
##......# #.#
##...)...########.#
#.........+.....@.#
#........######...#
##.......# #.###
#.....### #.# ##....#
#.# ##''.# #.# #...#
#.# ##...########e#
#..............#


You could see a deep elf master archer.

Vanquished Creatures
  A deep elf blademaster (Elf:3)
  A deep elf master archer (Elf:3)
  An eldritch tentacle (WizLab)
  A tentacled starspawn (WizLab)
  A frost giant (IceCv)
  3 deep elf elementalists (Elf:3)
  A minotaur (Gauntlet)
  A deep elf annihilator (Elf:3)
  5 deep elf demonologists
  A white draconian (WizLab)
  Snorg (D:11)
  2 deep elf high priests
  3 deep elf death magi
  A fire dragon (Lair:5)
  3 hydras
  A rakshasa (WizLab)
  2 ogre magi (Orc:2)
  12 two-headed ogres
  7 death yaks
  A boulder beetle (Lair:4)
  35 dancing weapons
  3 orc high priests
  A thrashing horror (WizLab)
  14 deep elf knights
  3 skysharks
  4 skeletal warriors (D:12)
  2 deep trolls (Orc:2)
  An orb spider (shapeshifter) (Elf:3)
  A glowing orange brain (WizLab)
  An obsidian statue (WizLab)
  A lindwurm (Lair:5)
  10 deep elf archers
  17 deep elf pyromancers
  21 deep elf zephyrmancers
  An ugly thing (D:12)
  3 cyclopes
  A manticore (D:11)
  A worldbinder (WizLab)
  3 orc sorcerers
  An apocalypse crab (WizLab)
  7 elephants
  An ice statue (IceCv)
  A torpor snail (Lair:4)
  2 demonic crawlers (WizLab)
  7 black mambas
  2 molten gargoyles (Lair:5)
  A demonspawn skeleton (WizLab)
  6 cane toads
  5 rime drakes
  An orange demon (WizLab)
  A gargoyle (D:11)
  14 komodo dragons
  2 minotaur zombies (Gauntlet)
  An unseen horror (D:11)
  3 ice devils
  An ancient zyme (WizLab)
  2 red devils (WizLab)
  12 polar bears
  A large abomination (WizLab)
  2 hornets
  11 trolls
  26 blink frogs
  A snapping turtle (Lair:3)
  2 air elementals
  Sigmund (D:6)
  6 shadows
  A wraith (D:10)
  A ynoxinul (Gauntlet)
  2 fire elementals
  4 basilisks (Lair:5)
  3 water elementals
  4 wyverns
  103 yaks
  2 steam dragons
  4 nagas (Lair:2)
  Menkaure (D:6)
  3 wargs
  A spatial vortex (WizLab)
  9 water moccasins
  4 acid dragons
  4 hell hounds (Lair:5)
  22 orc warriors
  2 sky beasts
  21 ogres
  44 wolves
  4 centaurs
  2 phantoms (D:5)
  Blork the orc (D:5)
  2 kobold brigands
  11 bullfrogs
  3 earth elementals
  A scorpion (Lair:3)
  5 wights (D:7)
  5 electric eels
  A howler monkey (D:9)
  5 lava snakes (Lair:5)
  2 jellies (D:5)
  3 hounds
  21 orc priests
  Crazy Yiuf (D:6)
  5 iron imps
  5 sleepcaps
  5 iguanas
  Terence (D:3)
  15 orc wizards
  8 gnolls
  9 adders
  A shadow imp (D:7)
  5 white imps
  An ufetubus (D:6)
  2 worms
  4 dart slugs
  83 orcs
  A ball python (D:1)
  4 bats
  2 endoplasms
  2 giant cockroaches
  11 goblins
  7 hobgoblins
  2 jackals (D:3)
  4 quokkas
  6 frilled lizards
  22 kobolds
  9 rats
  6 fulminant prisms (Elf:2)
  A lurking horror (WizLab)
815 creatures vanquished.

Vanquished Creatures (collateral kills)
  A rakshasa (WizLab)
  A thrashing horror (WizLab)
  A hell knight (WizLab)
  A wizard (WizLab)
  A deep elf zephyrmancer (Elf:2)
  A red devil (WizLab)
  A blink frog (WizLab)
  An air elemental (Elf:2)
  2 fire elementals
  2 spatial vortices (WizLab)
  An earth elemental (WizLab)
13 creatures vanquished.

Vanquished Creatures (others)
  2 deep elf pyromancers (Elf:2)
  A deep elf zephyrmancer (Elf:2)
  A water elemental (Elf:1)
  340 fulminant prisms
  39 fungi
  97 plants
  2 starspawn tentacles (WizLab)
482 creatures vanquished.

Grand Total: 1310 creatures vanquished

Notes
Turn   | Place    | Note
-------+----------+-------------------------------------------
     0 | D:1      | sugarbear the Djinni Conjurer began the quest for the Orb.
     0 | D:1      | sugarbear set off with the following spells memorised:
                  | Magic Dart, Searing Ray, Dazzling Flash, Fulminant Prism,
                  | Iskenderun's Mystic Blast.
     0 | D:1      | Reached XP level 1. HP: 15/15 MP: 0/0
   135 | D:1      | Reached XP level 2. HP: 17/21 MP: 0/0
   499 | D:1      | Reached XP level 3. HP: 24/25 MP: 0/0
   499 | D:1      | Learned a level 1 spell: Apportation
   784 | D:1      | Reached skill level 4 in Spellcasting
  1054 | D:2      | Reached XP level 4. HP: 29/31 MP: 0/0
  1680 | D:3      | Identified the amulet of the Kissing Gods {Reflect Str+2
                  | SH+5}
  1756 | D:3      | Reached XP level 5. HP: 23/35 MP: 0/0
  1756 | D:3      | Learned a level 2 spell: Ensorcelled Hibernation
  2114 | D:3      | Reached skill level 5 in Spellcasting
  2527 | D:3      | Reached XP level 6. HP: 38/40 MP: 0/0
  2538 | D:3      | Noticed Terence
  2548 | D:3      | Killed Terence
  2761 | D:3      | Found a faded altar of an unknown god.
  3071 | D:3      | Found a stormy altar of Qazlal.
  3071 | D:3      | Found a hide-covered altar of Uskayaw.
  3194 | D:4      | Found a broken altar of Ashenzari.
  3524 | D:5      | Entered Level 5 of the Dungeon
  3524 | D:5      | Noticed an ogre
  3527 | D:5      | Killed an ogre
  3528 | D:5      | Reached XP level 7. HP: 38/46 MP: 0/0
  3528 | D:5      | Learned a level 2 spell: Blink
  3536 | D:5      | Reached skill level 6 in Spellcasting
  3702 | D:5      | Noticed a yak
  3706 | D:5      | Noticed a yak
  3708 | D:5      | Killed a yak
  3709 | D:5      | Killed a yak
  3709 | D:5      | Noticed a yak
  3709 | D:5      | Noticed a yak
  3710 | D:5      | Reached XP level 8. HP: 40/51 MP: 0/0
  3830 | D:5      | Killed a yak
  3831 | D:5      | Reached skill level 7 in Spellcasting
  3833 | D:5      | HP: 2/51 [yak (15)]
  3833 | D:5      | Killed a yak
  3834 | D:5      | Reached skill level 1 in Fighting
  4369 | D:5      | Noticed Blork the orc
  4377 | D:5      | Killed Blork the orc
  4378 | D:5      | Reached skill level 8 in Spellcasting
  4558 | D:6      | Found Ismuzo's Magic Scroll Boutique.
  4566 | D:6      | Bought a scroll of identify for 30 gold pieces
  4595 | D:6      | Reached XP level 9. HP: 47/57 MP: 0/0
  4595 | D:6      | Learned a level 3 spell: Swiftness
  5070 | D:6      | Found a staircase to the Ecumenical Temple.
  5080 | D:6      | Found Huisin's Armour Shop.
  5098 | Temple   | Entered the Ecumenical Temple
  5144 | Temple   | Became a worshipper of Makhleb the Destroyer
  5263 | D:6      | Bought the +3 robe of Clouds {*Thunder rCloud rElec} for
                  | 297 gold pieces
  5263 | D:6      | Found the +3 robe of Clouds {*Thunder rCloud rElec}
  5310 | D:6      | Found Fibu's Antique Armour Shoppe.
  5329 | D:6      | Found a shimmering altar of Xom.
  5389 | D:6      | Identified the +6 long sword of Ucliggiu {antimagic,
                  | Fragile rElec Str+3}
  5521 | D:6      | Noticed Sigmund
  5524 | D:6      | Killed Sigmund
  5525 | D:6      | Reached skill level 1 in Shields
  5525 | D:6      | Reached skill level 9 in Spellcasting
  5526 | D:6      | Noticed Menkaure
  5529 | D:6      | Killed Menkaure
  5623 | D:6      | Found Maefutor's Gadget Gallery.
  5764 | D:6      | Found a runed translucent door.
  5765 | D:6      | Noticed Crazy Yiuf
  5771 | D:6      | Killed Crazy Yiuf
  5776 | D:6      | Identified the +5 hammer "Kosaokum" {venom, rF- rCorr
                  | Stlth+}
  5808 | D:7      | Identified the +1 robe of Resilience {Fly rCorr}
  6114 | D:7      | Reached * piety under Makhleb
  6192 | D:7      | Reached XP level 10. HP: 43/62 MP: 0/0
  6603 | D:7      | Reached skill level 10 in Spellcasting
  6980 | D:8      | Noticed a komodo dragon
  6990 | D:8      | Killed a komodo dragon
  7154 | D:8      | Noticed a two-headed ogre
  7164 | D:8      | Killed a two-headed ogre
  7165 | D:8      | Reached skill level 11 in Spellcasting
  7519 | D:8      | Reached ** piety under Makhleb
  7775 | D:9      | Noticed a cyclops
  7780 | D:9      | Killed a cyclops
  7887 | D:9      | Reached XP level 11. HP: 66/67 MP: 0/0
  7887 | D:9      | Learned a level 4 spell: Animate Armour
  7957 | D:9      | Noticed a two-headed ogre
  7962 | D:9      | Killed a two-headed ogre
  8021 | D:9      | Found Womusa's General Store.
  8118 | D:9      | Found Gufisape's Magic Scroll Shop.
  8251 | D:9      | Found Lonel's Antique Armour Shoppe.
  8417 | D:9      | Found a glowing silver altar of Zin.
  8553 | D:9      | Found Tadaq's General Store.
  8710 | D:6      | Bought a lightning rod (4/4) for 390 gold pieces
  8787 | D:10     | Entered Level 10 of the Dungeon
  8826 | D:10     | Noticed a five-headed hydra
  8832 | D:10     | Killed a five-headed hydra
  8833 | D:10     | Reached skill level 5 in Stealth
  8833 | D:10     | Reached skill level 12 in Spellcasting
  9139 | D:10     | Found a staircase to the Orcish Mines.
  9195 | D:10     | Noticed a two-headed ogre
  9200 | D:10     | Killed a two-headed ogre
  9283 | D:10     | Found Wodoz's Antique Armour Shoppe.
  9769 | D:10     | Gained mutation: You are robust. (+10% HP) [potion of
                  | mutation]
  9948 | D:11     | Found a flickering gateway to a bazaar.
  9953 | Bazaar   | Entered a bazaar
  9960 | Bazaar   | Found Zenimacs's Weapon Shoppe.
  9964 | Bazaar   | Found Liovif Sabasch's Assorted Antiques.
  9972 | Bazaar   | Found Eneg's Armour Emporium.
  9977 | Bazaar   | Found Yrchuma's Antique Armour Emporium.
  9983 | Bazaar   | Found Leh Leu's Assorted Antiques.
 10113 | D:11     | Found a staircase to the Lair.
 10121 | D:11     | Noticed Snorg
 10137 | D:11     | Killed Snorg
 10492 | D:11     | Reached skill level 13 in Spellcasting
 10500 | D:11     | Reached XP level 12. HP: 70/83 MP: 0/0
 10652 | D:11     | Reached skill level 1 in Evocations
 10945 | D:11     | Found Wyguv's General Store.
 11238 | D:11     | Found Wustaudgh's Jewellery Boutique.
 11558 | Orc:1    | Entered Level 1 of the Orcish Mines
 11561 | Orc:1    | Reached *** piety under Makhleb
 11705 | Orc:1    | Noticed a two-headed ogre
 11713 | Orc:1    | Killed a two-headed ogre
 11806 | Orc:1    | Noticed an orc high priest
 12015 | Orc:1    | Killed an orc high priest
 12470 | Orc:2    | Entered Level 2 of the Orcish Mines
 12470 | Orc:2    | Found Kich's Distillery.
 12470 | Orc:2    | Found Cyseigoni's Assorted Antiques.
 12471 | Orc:2    | Noticed a two-headed ogre
 12528 | Orc:2    | Noticed a two-headed ogre
 12531 | Orc:2    | Noticed a two-headed ogre
 12532 | Orc:2    | Noticed a two-headed ogre
 12533 | Orc:2    | Noticed an orc high priest
 12533 | Orc:2    | Noticed an ogre mage
 12535 | Orc:2    | Killed a two-headed ogre
 12535 | Orc:2    | Noticed a two-headed ogre
 12536 | Orc:2    | Reached skill level 14 in Spellcasting
 12601 | Orc:2    | Noticed a deep troll
 12601 | Orc:2    | Noticed a two-headed ogre
 12610 | Orc:2    | Killed a two-headed ogre
 12611 | Orc:2    | Killed a deep troll
 12614 | Orc:2    | Noticed an ogre mage
 12617 | Orc:2    | Noticed a two-headed ogre
 12619 | Orc:2    | Reached **** piety under Makhleb
 12619 | Orc:2    | Paralysed by an ogre mage for 4 turns
 12622 | Orc:2    | Killed a two-headed ogre
 12665 | Orc:2    | Noticed a two-headed ogre
 12877 | Orc:2    | Noticed a deep troll
 13117 | Orc:2    | Killed a two-headed ogre
 13118 | Orc:2    | Reached skill level 5 in Dodging
 13118 | Orc:2    | Reached XP level 13. HP: 80/88 MP: 0/0
 13118 | Orc:2    | Learned a level 5 spell: Fireball
 13336 | Orc:2    | Reached skill level 15 in Spellcasting
 13426 | Orc:2    | Killed an ogre mage
 13493 | Orc:2    | Found Reuxt's Jewellery Shoppe.
 13495 | Orc:2    | Found Tynnikaz's Weapon Shop.
 13580 | Orc:2    | Reached ***** piety under Makhleb
 13852 | Orc:2    | Killed an ogre mage
 14016 | Orc:2    | Bought a silver ring for 140 gold pieces
 14169 | Orc:2    | Found a staircase to the Elven Halls.
 14365 | Lair:1   | Entered Level 1 of the Lair of Beasts
 15546 | Lair:2   | Reached skill level 16 in Spellcasting
 15553 | Lair:2   | Reached XP level 14. HP: 93/95 MP: 0/0
 15869 | Lair:2   | Found a staircase to the Snake Pit.
 16951 | Lair:3   | Found a gate leading to a gauntlet.
 16957 | Gauntlet | Entered a Gauntlet
 16957 | Gauntlet | Found a transporter.
 16957 | Gauntlet | Found a transporter.
 16957 | Gauntlet | Found a transporter.
 16978 | Gauntlet | Reached ****** piety under Makhleb
 17006 | Gauntlet | Found a transporter.
 17020 | Gauntlet | Found a transporter.
 17020 | Gauntlet | Found a transporter.
 17199 | Gauntlet | Found a transporter.
 17206 | Gauntlet | Identified the +0 helmet of the Arena {Will+ Str+3}
 17218 | Gauntlet | Found a transporter.
 17240 | Gauntlet | Noticed a minotaur
 17250 | Gauntlet | Killed a minotaur
 17269 | Gauntlet | Reached skill level 17 in Spellcasting
 17712 | Lair:3   | Found a staircase to the Shoals.
 18324 | Lair:4   | Found a frozen archway.
 18338 | IceCv    | Entered an ice cave
 18543 | IceCv    | Reached XP level 15. HP: 98/101 MP: 0/0
 18543 | IceCv    | Learned a level 6 spell: Eringya's Noxious Bog
 18918 | IceCv    | Identified the +12 hand axe of the Demonic God {heavy, rN++
                  | rCorr Int+4 Stlth+}
 18918 | IceCv    | Noticed a frost giant
 18926 | IceCv    | Killed a frost giant
 18927 | IceCv    | Reached skill level 18 in Spellcasting
 19615 | Lair:4   | Found a staircase to the Slime Pits.
 19615 | Lair:4   | Found a viscous altar of Jiyva.
 20124 | Lair:5   | Entered Level 5 of the Lair of Beasts
 20566 | Lair:5   | Found a large runed translucent door.
 20566 | Lair:5   | Found a large runed translucent door.
 21416 | Lair:5   | Reached skill level 19 in Spellcasting
 21490 | Lair:5   | Reached XP level 16. HP: 96/106 MP: 0/0
 22945 | Elf:1    | Entered Level 1 of the Elven Halls
 22951 | Elf:1    | Reached skill level 5 in Shields
 24217 | Elf:1    | Found a runed translucent gate.
 24217 | Elf:1    | Found a runed translucent gate.
 24219 | Elf:1    | Found a runed translucent gate.
 24972 | Elf:1    | Noticed a Brimstone Fiend
 24973 | Elf:1    | Reached skill level 20 in Spellcasting
 25007 | Elf:1    | Found a runed translucent gate.
 25007 | Elf:1    | Found a runed translucent gate.
 25007 | Elf:1    | Found a runed translucent gate.
 25007 | Elf:1    | Found a runed translucent gate.
 25007 | Elf:1    | Found a runed translucent gate.
 25008 | Elf:1    | Noticed an iron dragon
 25008 | Elf:1    | Noticed a shadow dragon
 25009 | Elf:1    | Found a runed translucent gate.
 25656 | Elf:2    | Found a magical portal.
 25661 | WizLab   | Entered The Roulette of Golubria
 25661 | WizLab   | Found a transporter.
 25668 | WizLab   | Found a corrupted altar of Lugonu.
 25676 | WizLab   | Noticed a tentacled starspawn
 25679 | WizLab   | Killed a tentacled starspawn
 25703 | WizLab   | Found a transporter.
 25763 | WizLab   | Found a transporter.
 25783 | WizLab   | Reached XP level 17. HP: 109/112 MP: 0/0
 25783 | WizLab   | Learned a level 7 spell: Summon Hydra
 26139 | WizLab   | Found a corrupted altar of Lugonu.
 26141 | WizLab   | Found a transporter.
 26191 | WizLab   | Found a transporter.
 26226 | WizLab   | Found a transporter.
 26341 | WizLab   | Found a transporter.
 26380 | WizLab   | Found a transporter.
 26429 | WizLab   | Found a corrupted altar of Lugonu.
 26455 | WizLab   | Found a transporter.
 26653 | WizLab   | Found a transporter.
 26653 | WizLab   | Found a transporter.
 26775 | WizLab   | Found a transporter.
 26775 | WizLab   | Found a transporter.
 26786 | WizLab   | Identified the +2 cloak "Vaxtotiy" {rElec rF+ Dex+3 SInv}
 26790 | WizLab   | Identified the +0 cloak of the Spheres {Dex+3 Stlth+}
 26815 | WizLab   | Identified the +1 cloak "Cituxkefe" {Str+5}
 26969 | WizLab   | Found a transporter.
 27140 | WizLab   | Found a transporter.
 27140 | WizLab   | Found a transporter.
 27176 | WizLab   | Found a transporter.
 27176 | WizLab   | Found a transporter.
 27373 | WizLab   | Found a transporter.
 27373 | WizLab   | Found a transporter.
 28075 | Elf:2    | Paralysed by an air elemental for 1 turns
 28192 | Elf:2    | Found Budirhin's Book Emporium.
 29069 | Elf:2    | Reached skill level 21 in Spellcasting
 29074 | Elf:2    | Found a runed translucent gate.
 29074 | Elf:2    | Found a runed translucent gate.
 29074 | Elf:2    | Found a runed translucent gate.
 30013 | Elf:2    | Reached XP level 18. HP: 92/119 MP: 0/0
 30474 | Elf:3    | Entered Level 3 of the Elven Halls
 30836 | Elf:3    | Noticed a deep elf blademaster
 30844 | Elf:3    | Killed a deep elf blademaster
 31057 | Elf:3    | Noticed a deep elf master archer
 31057 | Elf:3    | Identified the amulet "Qire" {RegenMP Fly rPois Stlth-}
 31064 | Elf:3    | Killed a deep elf master archer
 31064 | Elf:3    | Noticed a deep elf master archer
 31074 | Elf:3    | HP: 5/121 [deep elf master archer/arrow (4)]
 31075 | Elf:3    | Shot with an arrow by a deep elf master archer

Illustrated notes

Levels and vault maps discovered:
D:1:      dpeg_arrival_court, layout_loops_ring
D:2:      layout_loops_ring
D:3:      minmay_spotlight, layout_loops_ring, amethyst_overflow_temple_binary,
          hellmonk_ecumenical_altar_crossroads, kennysheep_boxes, uniq_terence
D:4:      layout_rooms, cheibrodos_ashenzari_chains
D:5:      layout_cave_pools, kennysheep_orc_sif_temple, kennysheep_mini,
          chequers_arboretum, roderic_roman_lattice, uniq_blork_the_orc
D:6:      layout_basic, brannock_xom_greatest_gift, minmay_temple_entry_mist,
          serial_shops, kennysheep_little_box, shop, nicolae_square_shop,
          nicolae_shop_gadgets, uniq_menkaure, uniq_crazy_yiuf_cottage,
          uniq_sigmund
D:7:      layout_loops_ring
D:8:      layout_cave_pools, minmay_lizard_king
D:9:      layout_basic, zin_scriptorium, serial_shops, shop_coins,
          nicolae_square_shop, shop, shop_statue
D:10:     layout_loops_ring, vehumet_altar_wand_db, hiddenorc1_lemuel,
          serial_shops, shop
D:11:     layout_layer_cave, david_lair_shrubbed, serial_shops, bzr_entry_road,
          nicolae_shop_hallway_plus, shop_statue, serial_bayou_lake_a,
          uniq_snorg
D:12:     layout_loops_ring
Temple:   compressed_dpeg_circular_temple
Lair:1:   layout_cave_shapes
Lair:2:   layout_small_grid, minmay_snake_entry_guardpost_small
Lair:3:   layout_loops_ring, minmay_shoals_entry_hut, gauntlet_entry_generic,
          grunt_megastairs_3, infiniplex_staircase_pool
Lair:4:   layout_concentric_octagons, slime_entry_1,
          portal_ice_cave_demonic_guard, beast_lair_carwin_6
Lair:5:   cheibrodos_lair_end_hotspot, layout_hall_layers, serial_bayou_shore_b
Orc:1:    layout_caves
Orc:2:    st_orc_open, layout_caves, basic_altar
Elf:1:    elf_arrival_002, layout_onion_city, orc_legates,
          nicolae_elf_hall_of_bonks
Elf:2:    nicolae_elf_blades_crystal_corner, layout_gridlike, serial_shops,
          shop_fountains, infiniplex_enter_wizlab_spiral
Elf:3:    grunt_elf_hall_spiral, layout_gridlike

Skill      XL: |  1  2  3  4  5  6  7  8  9 10 11 12 13 14 15 16 17 18 |
---------------+-------------------------------------------------------+-----
Spellcasting   | 4 5 6 8 9 11 13 14 16 17 19 20 21 | 21.8
Stealth        | 2 3 4 5 6 |  6.8
Fighting       | 1 2 3 4 |  4.1
Dodging        | 3 5 6 7 8 9 |  9.7
Shields        | 1 2 3 4 5 |  5.2
Evocations     | 1 2 |  2.6

Action                     |  1- 3 |  4- 6 |  7- 9 | 10-12 | 13-15 | 16-18 || total
---------------------------+-------+-------+-------+-------+-------+-------++-------
  Melee: Mace              |       |       |       |     2 |     4 |     3 ||     9
   Cast: Magic Dart        |    70 |    57 |    26 |    39 |    76 |       ||   268
         Searing Ray       |     3 |     4 |     7 |     4 |    21 |    13 ||    52
         Fulminant Prism   |       |    15 |    52 |    98 |    95 |    86 ||   346
         Ensorcelled Hiber |       |     4 |     3 |       |       |       ||     7
         Iskenderun's Myst |       |     5 |    12 |    85 |   182 |   136 ||   420
         Blink             |       |       |     1 |       |       |       ||     1
         Animate Armour    |       |       |       |     1 |       |       ||     1
         Fireball          |       |       |       |       |   190 |   147 ||   337
         Swiftness         |       |       |       |       |       |     1 ||     1
         Summon Hydra      |       |       |       |       |       |    14 ||    14
         Eringya's Noxious |       |       |       |       |       |     2 ||     2
  Evoke: Lightning rod     |       |       |       |     4 |    12 |     2 ||    18
         Box of beasts     |       |       |       |       |     1 |       ||     1
    Use: Scroll            |       |       |       |    13 |     2 |     4 ||    19
         Potion            |       |       |       |    12 |     2 |     5 ||    19
 Armour: Robe              |     1 |     1 |     1 |     6 |    13 |    15 ||    37
  Dodge: Dodged            |     1 |     6 |     9 |    71 |    75 |   134 ||   296
  Block: Other             |       |     3 |     2 |    23 |    22 |    23 ||    73
         Reflection        |       |       |       |    10 |     2 |     7 ||    19

Table legend: (Time is in decaauts)
 A = Elapsed time spent in this place.
 B = Non-inter-level travel time spent in this place.
 C = Inter-level travel time spent in this place.
 D = Time resting spent in this place.
 E = Time spent auto-exploring this place.
 F = Levels seen in this place.
 G = Mean time per level.
                   A        B        C        D        E       F      G
               +--------+--------+--------+--------+--------+-----+--------+
         Total |  31046 |  29769 |   1277 |   8409 |  16444 |  27 | 1149.9 |
       Dungeon |  12569 |  11798 |    771 |   2320 |   7949 |  12 | 1047.4 |
        Temple |    103 |     94 |      9 |      0 |     73 |   1 |  103.0 |
          Lair |   6088 |   5870 |    218 |    856 |   4047 |   5 | 1217.6 |
  Orcish Mines |   3095 |   2889 |    206 |   1430 |    951 |   2 | 1547.5 |
   Elven Halls |   5863 |   5790 |     73 |   2607 |   2153 |   3 | 1954.3 |
        Bazaar |     68 |     68 |      0 |      0 |     34 |   1 |   68.0 |
      Ice Cave |    996 |    996 |      0 |    203 |    599 |   1 |  996.0 |
        Wizlab |   1779 |   1779 |      0 |    745 |    610 |   1 | 1779.0 |
      Gauntlet |    481 |    481 |      0 |    247 |     28 |   1 |  481.0 |
               +--------+--------+--------+--------+--------+-----+--------+

Top non-repeatable levels by time:
   Elf:1: 3030 daAuts
   Elf:2: 2528 daAuts
  WizLab: 1779 daAuts
  Lair:5: 1729 daAuts
    D:11: 1661 daAuts
   Orc:1: 1605 daAuts
   Orc:2: 1489 daAuts
    D:10: 1360 daAuts
     D:7: 1239 daAuts
     D:3: 1228 daAuts
  Lair:1: 1206 daAuts
     D:5: 1167 daAuts
  Lair:4: 1100 daAuts
     D:6: 1095 daAuts
  Lair:2: 1093 daAuts
